 Dungeon Crawl Stone Soup version 0.18.1-48-g4cf74bf (webtiles) character file.

67 DungeonyCrawlthano the Insei (level 3, -2/29 HPs)
             Began as a Demonspawn Monk on Aug 12, 2016.
             Succumbed to an orc's poison
             ... on level 3 of the Dungeon.
             The game lasted 00:02:44 (2685 turns).

DungeonyCrawlthano the Insei (Demonspawn Monk)      Turns: 2685, Time: 00:02:45

Health: -2/29      AC:  3    Str: 11    XL:     3   Next: 98%
Magic:  0/3        EV: 13    Int: 11    God:
Gold:   114        SH:  0    Dex: 16    Spells: 0 memorised, 2 levels left

rFire  . . .     SeeInvis .       - Unarmed
rCold  . . .     Gourm    .     a - +0 robe
rNeg   . . .     Faith    .     (no shield)
rPois  .         Spirit   +     (no helmet)
rElec  .         Dismiss  .     (no cloak)
rCorr  .         Reflect  .     i - +0 pair of gloves
SustAt .         Harm     .     (no boots)
MR     .....                    (no amulet)
Stlth  ++........               (no ring)
                                (no ring)

@: lethally poisoned (-2 -> -40), not resistant to hostile enchantments,
unstealthy
A: magic shield
a: no special abilities


You were on level 3 of the Dungeon.
You were hungry.

You visited 1 branch of the dungeon, and saw 3 of its levels.

You collected 114 gold pieces.

Inventory:

Armour
 a - a +0 robe (worn)
 i - a +0 pair of gloves (worn)
 k - a +1 ring mail of fire resistance
Jewellery
 n - an uncursed ring of stealth {unknown}
Scrolls
 f - 2 scrolls of identify {unknown}
 j - a scroll of remove curse {unknown}
 p - a scroll of blinking {unknown}
Potions
 c - a potion of brilliance {unknown}
 e - a potion of cure mutation
 g - a potion of lignification {unknown}
 l - a potion of flight {unknown}
Comestibles
 b - a bread ration
 d - 2 slices of pizza
 h - 2 meat rations
 m - a beef jerky
 o - 2 fruits


   Skills:
 - Level 3.0 Fighting
 - Level 2.6 Dodging
 - Level 1.7 Stealth
 + Level 5.1 Unarmed Combat


You had 2 spell levels left.
You didn't know any spells.

Dungeon Overview and Level Annotations

Branches:
Dungeon (3/15)

Altars:

Annotations:
D:3 Tiocfaidh's ghost, amateur DrWn


Innate Abilities, Weirdness & Mutations

When hurt, damage is shared between your health and your magic reserves.


Message History

The magic dart hits you!
You closely miss the orc.
The orc is almost dead.
You feel sick.
The orc hits you with a trident of venom!
* * * LOW HITPOINT WARNING * * *
You are more poisoned.
The orc wizard misses you.
You closely miss the orc.
The orc is almost dead.
* * * LOW HITPOINT WARNING * * *
You feel sick. The orc barely misses you.
The orc wizard mumbles some strange words.
The orc wizard blinks!
The orc hits you with a trident of venom.
* * * LOW HITPOINT WARNING * * *
You are more poisoned.
Drink which item? (? for menu, Esc to quit)
It was a potion of cure mutation.
It has a very clean taste.
You die...

###..........#######..#
#..###..#.## #..# ..#
#.. .# #..# #.. .##
#..# ... ... #..# .##.
###. ##..# ##.# #...#
.###...###..##
......o@ยง...#
####..o###.## ##o# #.#
... #.# ### ..# ###


You could see an orc wizard and 2 orcs.

Vanquished Creatures
  An adder (D:3)
  An ooze (D:3)
  A worm (D:2)
  A dart slug (D:1)
  An orc (D:3)
  10 bats
  A giant cockroach (D:2)
  3 goblins (D:1)
  7 hobgoblins
  4 jackals (D:1)
  A quokka (D:2)
  3 giant newts
  4 kobolds
  7 rats
45 creatures vanquished.

Notes
Turn   | Place    | Note
--------------------------------------------------------------
     0 | D:1      | DungeonyCrawlthano the Demonspawn Monk began the quest for the Orb.
     0 | D:1      | Reached XP level 1. HP: 18/18 MP: 1/1
   279 | D:1      | Reached skill level 4 in Unarmed Combat
   284 | D:1      | Gained mutation: When hurt, damage is shared between your health and your magic reserves. [demonic ancestry]
   284 | D:1      | Reached XP level 2. HP: 24/24 MP: 2/2
  1080 | D:2      | Reached XP level 3. HP: 14/29 MP: 1/3
  1675 | D:2      | Found a faded altar to an unknown god.
  1915 | D:3      | Reached skill level 5 in Unarmed Combat
  1952 | D:3      | Noticed Tiocfaidh's ghost (amateur DrWn)
  2684 | D:3      | HP: 1/29 [orc/trident of venom (3)]
  2685 | D:3      | Succumbed to an orc's poison

Skill      XL: |  1  2  3 |
---------------+----------+-----
Unarmed Combat | 4 5 |  5.1
Fighting       | |  3.0
Dodging        | |  2.6
Stealth        | |  1.7

Action                   || total
-------------------------++-------
Melee: Unarmed           ||   151
       Punch             ||     2
  Use: Potion            ||     1
 Stab: Sleeping          ||    10
  Eat: Chunk             ||     5
Armor: Robe              ||    23
Dodge: Dodged            ||   103
